 Dungeon Crawl Stone Soup version 0.29.1-1-gd02db6906a (webtiles) character file.

Game seed: 10989442337816618075

31084 Demigod47 the Bludgeoner (level 13, -8/114 HPs)
             Began as a Minotaur Fighter on Oct 14, 2022.
             Was the Champion of Okawaru.
             Mangled by a freezing wraith (15 damage)
             ... on level 14 of the Dungeon.
             The game lasted 00:32:48 (15314 turns).

Demigod47 the Bludgeoner (Minotaur Fighter)        Turns: 15314, Time: 00:32:49

Health: -8/114     AC: 30    Str: 31    XL:     13   Next: 24%
Magic:  16/22      EV:  9    Int:  9    God:    Okawaru [******]
Gold:   512        SH: 12    Dex: 14    Spells: 12/12 levels left

rFire   . . .      SeeInvis .   H - +2 morningstar (drain)
rCold   . . .      Faith    .   B - +0 kite shield
rNeg    . . .      Spirit   .   F - +3 plate armour
rPois   .          Reflect  .   I - +3 hat of Pondering {ponderous, Will+ MP+10 Int+5}
rElec   .          Harm     .   C - +0 cloak
rCorr   .          Rampage  .   R - +0 pair of gloves {infuse}
Will    +....                   L - +0 pair of boots "Noskool" {+Blink}
Stlth   ..........              y - amulet of the acrobat
HPRegen 0.29/turn               g - +6 ring of strength
MPRegen 0.18/turn               k - +4 ring of protection

@: slowed, very slow
A: horns 2, retaliatory headbutt, beak, agile 1
a: Renounce Religion, Evoke Blink, Heroism, Finesse, Duel


You were on level 14 of the Dungeon.
You worshipped Okawaru.
Okawaru was exalted by your worship.
You visited 1 branch of the dungeon, and saw 14 of its levels.

You collected 1098 gold pieces.
You spent 586 gold pieces at shops.

Inventory:

Hand Weapons
 z - a +2 vorpal mace
 H - a +2 morningstar of draining (weapon)
Missiles
 v - 13 javelins (quivered)
Armour
 s - a +0 chain mail
 B - a +0 kite shield (worn)
 C - a +0 cloak (worn)
 F - a +3 plate armour (worn)
 I - the +3 hat of Pondering (worn) {ponderous, Will+ MP+10 Int+5}
   (You took it off Gastronok on level 10 of the Dungeon)

   Int:       It affects your intelligence (+5).
   MP:        It affects your magic capacity (+10).
   Will:      It increases your willpower.
 L - the +0 pair of boots "Noskool" (worn) {+Blink}
   (Okawaru gifted it to you on level 12 of the Dungeon)

   +Blink:    It lets you blink.
 R - a +0 pair of gloves of infusion (worn)
Jewellery
 c - a ring of positive energy
 f - a ring of positive energy
 g - a +6 ring of strength (left hand)
 k - a +4 ring of protection (right hand)
 y - an amulet of the acrobat (around neck)
 D - an amulet of reflection
 Q - a ring of wizardry
Wands
 m - a wand of flame (20)
 r - a wand of paralysis (4)
 t - a wand of light (4)
 w - a wand of polymorph (14)
 x - a wand of roots (26)
 A - a wand of mindburst (28)
Scrolls
 a - 2 scrolls of torment
 b - 3 scrolls of poison
 h - 2 scrolls of teleportation
 i - 2 scrolls of immolation
 l - 2 scrolls of magic mapping
 n - 4 scrolls of fear
 o - 2 scrolls of amnesia
 p - a scroll of noise
 q - 2 scrolls of vulnerability
 u - a scroll of blinking
 G - a scroll of butterflies
 O - a scroll of summoning {unknown}
 P - a scroll of enchant armour
 T - a scroll of brand weapon {unknown}
Potions
 d - 3 potions of might
 e - 11 potions of curing
 E - 3 potions of degeneration {unknown}
 J - 2 potions of flight {unknown}
 M - 2 potions of lignification {unknown}
 N - 4 potions of haste
 S - a potion of brilliance {unknown}
Miscellaneous
 K - a piece from Xom's chessboard (15/15)


   Skills:
 + Level 10.4 Fighting
 * Level 17.8 Maces & Flails
 + Level 13.3 Armour
 + Level 4.4 Dodging
 + Level 1.4 Stealth
 + Level 11.8 Shields
 + Level 0.8 Invocations


You had 12 spell levels left.
You didn't know any spells.
Your spell library contained the following spells:

 Spells                   Type           Power      Damage    Failure   Level
 Magic Dart               Conj           0%         1d3       99%         1
 Sandblast                Erth           0%         2d4       99%         1
 Blink                    Tloc           0%         N/A       100%        2
 Passwall                 Tmut/Erth      0%         N/A       100%        2
 Searing Ray              Conj           0%         2d4       100%        2
 Gell's Gravitas          Tloc           0%         N/A       100%        3
 Lesser Beckoning         Tloc           0%         N/A       100%        3
 Stone Arrow              Conj/Erth      0%         3d7       100%        3
 Teleport Other           Tloc           0%         N/A       100%        3
 Fulminant Prism          Conj/Hex       0%         3d6       100%        4
 Passage of Golubria      Tloc           0%         N/A       100%        4
 Manifold Assault         Tloc           0%         N/A       100%        5
 Silence                  Hex/Air        0%         N/A       100%        5
 Dispersal                Tloc           0%         N/A       100%        6
 Lehudib's Crystal Spear  Conj/Erth      0%         10d2      100%        8


Dungeon Overview and Level Annotations

Branches:
Dungeon (14/15)            Temple (0/1) D:6            Lair (0/5) D:9
    Orc (0/2) D:10         Vaults (0/5) D:13

Altars:
Ashenzari
Cheibriados
Gozag
Hepliaklqana
Nemelex Xobeh
Okawaru
Qazlal
Sif Muna
Uskayaw
Wu Jian
Xom
Yredelemnul
Zin
The Shining One

Shops:
D:3 *   D:5 =   D:7 =   D:9 (   D:11 *


Innate Abilities, Weirdness & Mutations

You have a pair of horns on your head.
You reflexively headbutt those who attack you in melee.
You have a beak for a mouth.
You are agile. (Dex +4, Str/Int -1)


Message History

You hit the white ugly thing. You drain the white ugly thing.
You peck the white ugly thing.
The white ugly thing is almost dead.
The white ugly thing claws you. The white ugly thing freezes you!!
You block the white ugly thing's attack.
You impale the white ugly thing!!
You kill the white ugly thing!
Okawaru accepts your kill. You block the freezing wraith's attack.
The freezing wraith hits you. The freezing wraith drains your vigour!
You feel yourself slow down.
You closely miss the freezing wraith.
Your headbutt misses the freezing wraith.
Your peck misses the freezing wraith. The white ugly thing stings you.
The white ugly thing freezes you!!
The freezing wraith hits you but does no damage.
You block the freezing wraith's attack.
The white ugly thing stings you but does no damage.
You closely miss the freezing wraith. Your peck misses the freezing wraith.
You block the freezing wraith's attack. x2; The white ugly thing stings you!
The white ugly thing freezes you!
* * * LOW HITPOINT WARNING * * *
The freezing wraith hits you but does no damage.
The freezing wraith hits you.
* * * LOW HITPOINT WARNING * * *
The freezing wraith drains your vigour!
You feel as though you will be slow longer.
You block the white ugly thing's attack.
The freezing wraith misses you. The freezing wraith barely misses you.
The freezing wraith attacks as you move away!
You block the freezing wraith's attack. The freezing wraith closely misses you.
The white ugly thing misses you. x2
The freezing wraith completely misses you.
You furiously retaliate!
You headbutt the freezing wraith. The freezing wraith barely misses you.
There is a stone staircase leading up here.
The white ugly thing stings you but does no damage.
The freezing wraith hits you!
* * * LOW HITPOINT WARNING * * *
The freezing wraith freezes you!
You die...

.. .# ..# .
...#
..########...#
.......@.....##
.......Wu......
............###
.#########..#
..# ... ... ###


You could see a white ugly thing and a freezing wraith.

Vanquished Creatures
  Gastronok (D:10)
  An ironbound preserver (D:13)
  3 boulder beetles
  2 hydras
  A rakshasa (D:13)
  4 centaur warriors (D:13)
  4 two-headed ogres
  2 tengu warriors
  A skeletal warrior (D:13)
  Pikel (D:9)
  A deep elf pyromancer (D:12)
  7 manticores
  4 ugly things
  A cyclops (D:13)
  The ghost of Kaiern the Covert, a novice SpHu of Hepliaklqana (D:7)
  Joseph (D:7)
  A gargoyle (D:12)
  2 komodo dragons
  3 kobold demonologists (D:10)
  A troll (D:12)
  4 slime creatures (D:12)
  2 shadows
  4 wyverns
  2 wraiths
  14 yaks
  4 basilisks
  Menkaure (D:4)
  8 vampire mosquitoes (D:13)
  An acid dragon (D:11)
  3 water moccasins (D:9)
  6 orc warriors
  An ice beast (D:7)
  3 sky beasts
  2 black bears
  10 centaurs
  A phantom (D:4)
  7 kobold brigands
  A lemure (D:9)
  3 bullfrogs
  2 necrophages (D:5)
  3 gnoll sergeants
  5 scorpions
  8 wights
  12 killer bees
  3 howler monkeys
  8 orc priests
  5 hounds
  2 jellies (D:4)
  14 orc wizards
  An iguana (D:5)
  Crazy Yiuf (D:7)
  Ijyb (D:3)
  15 gnolls
  4 adders
  2 white imps (D:7)
  2 ufetubi
  A worm (D:3)
  A dart slug (D:1)
  57 orcs
  3 ball pythons
  2 bats (D:1)
  2 endoplasms
  4 giant cockroaches
  12 goblins
  6 hobgoblins
  6 jackals (D:3)
  21 kobolds
  2 quokkas
  A frilled lizard (D:3)
  2 rats
327 creatures vanquished.

Vanquished Creatures (others)
  A bush (D:9)
  3 fungi (D:9)
  12 plants (D:9)
16 creatures vanquished.

Grand Total: 343 creatures vanquished

Notes
Turn   | Place    | Note
-------+----------+-------------------------------------------
     0 | D:1      | Demigod47 the Minotaur Fighter began the quest for the Orb.
     0 | D:1      | Reached XP level 1. HP: 19/19 MP: 0/0
     2 | D:1      | Noticed an octopode
     2 | D:1      | Noticed a merfolk
     4 | D:1      | Noticed a human
     6 | D:1      | Noticed a ghoul
     6 | D:1      | Noticed a draconian
     8 | D:1      | Noticed a spriggan
     8 | D:1      | Noticed a demonspawn
    10 | D:1      | Noticed a palentonga
    10 | D:1      | Noticed a demigod
    13 | D:1      | Noticed a tengu
    13 | D:1      | Noticed a troll
    15 | D:1      | Noticed an ogre
    15 | D:1      | Noticed a meteoran
    17 | D:1      | Noticed a felid
    17 | D:1      | Noticed a vine stalker
    19 | D:1      | Noticed a vampire
    21 | D:1      | Noticed a formicid
    23 | D:1      | Noticed a minotaur
    23 | D:1      | Noticed a gargoyle
    25 | D:1      | Noticed an elf
    25 | D:1      | Noticed a troll
    27 | D:1      | Noticed a spriggan
    27 | D:1      | Noticed an elf
   205 | D:1      | Reached XP level 2. HP: 27/27 MP: 1/1
   544 | D:1      | Reached skill level 3 in Maces & Flails
   694 | D:2      | You fall into a shaft and drop 2 floors!
   780 | D:3      | Found a shimmering blue altar of Sif Muna.
   798 | D:3      | Found Fojol's General Store.
   808 | D:3      | Bought a potion of heal wounds for 50 gold pieces
   862 | D:3      | Reached XP level 3. HP: 32/33 MP: 2/2
   983 | D:3      | Noticed Ijyb
   986 | D:3      | Paralysed by Ijyb for 4 turns
   993 | D:3      | Paralysed by Ijyb for 5 turns
  1001 | D:3      | Paralysed by Ijyb for 5 turns
  1007 | D:3      | Killed Ijyb
  1008 | D:3      | Reached skill level 4 in Maces & Flails
  1008 | D:3      | Reached XP level 4. HP: 29/40 MP: 3/3
  1277 | D:3      | Found a faded altar of an unknown god.
  1577 | D:3      | Reached skill level 5 in Maces & Flails
  1577 | D:3      | Reached XP level 5. HP: 46/46 MP: 4/4
  1594 | D:3      | Reached skill level 1 in Dodging
  1973 | D:3      | Identified a scroll of acquirement
  1974 | D:3      | Acquired 482 gold pieces
  2133 | D:4      | Noticed a phantom
  2142 | D:4      | Killed a phantom
  2143 | D:4      | Reached skill level 6 in Maces & Flails
  2143 | D:4      | Reached XP level 6. HP: 53/53 MP: 5/5
  2375 | D:4      | Noticed Menkaure
  2382 | D:4      | Killed Menkaure
  2383 | D:4      | Reached skill level 7 in Maces & Flails
  2383 | D:4      | Reached skill level 5 in Armour
  2399 | D:4      | Reached XP level 7. HP: 59/60 MP: 6/6
  2573 | D:5      | Entered Level 5 of the Dungeon
  2641 | D:5      | Reached skill level 8 in Maces & Flails
  3047 | D:5      | Found Taesom's Jewellery Shoppe.
  3050 | D:5      | Bought a +4 ring of protection for 396 gold pieces
  3125 | D:5      | Reached skill level 9 in Maces & Flails
  3293 | D:5      | Reached XP level 8. HP: 65/67 MP: 7/7
  3468 | D:5      | Found an opulent altar of Gozag.
  3468 | D:5      | Found a glowing silver altar of Zin.
  3468 | D:5      | Found a broken altar of Ashenzari.
  3469 | D:5      | Found a shimmering altar of Xom.
  3595 | D:5      | Found a sparkling altar of Nemelex Xobeh.
  3596 | D:5      | Found a hazy altar of Hepliaklqana.
  3596 | D:5      | Found a snail-covered altar of Cheibriados.
  3597 | D:5      | Found an iron altar of Okawaru.
  3597 | D:5      | Found a glowing golden altar of the Shining One.
  3604 | D:5      | Found an ornate altar of the Wu Jian Council.
  3614 | D:5      | Became a worshipper of Warmaster Okawaru
  3676 | D:6      | Found a hide-covered altar of Uskayaw.
  3752 | D:6      | Reached skill level 5 in Fighting
  3752 | D:6      | Reached skill level 10 in Maces & Flails
  4238 | D:6      | Found a staircase to the Ecumenical Temple.
  5198 | D:7      | Found a runed translucent door.
  5536 | D:7      | Reached skill level 11 in Maces & Flails
  5721 | D:7      | Noticed Joseph
  5758 | D:7      | Killed Joseph
  5758 | D:7      | Reached * piety under Okawaru
  5759 | D:7      | Reached XP level 9. HP: 61/75 MP: 8/8
  5952 | D:7      | Found Kaeroub's Jewellery Emporium.
  6195 | D:7      | Reached skill level 12 in Maces & Flails
  6372 | D:7      | Noticed Kaiern's ghost (novice SpHu)
  6403 | D:7      | Found a runed translucent door.
  6404 | D:7      | Noticed Crazy Yiuf
  6731 | D:7      | Killed Kaiern's ghost
  6841 | D:7      | Killed Crazy Yiuf
  6908 | D:8      | Reached ** piety under Okawaru
  7032 | D:8      | Reached skill level 5 in Shields
  7210 | D:8      | Gained mutation: You are agile. (Dex +4, Str/Int -1)
                  | [potion of mutation]
  7210 | D:8      | Gained mutation: You have a beak for a mouth. [potion of
                  | mutation]
  7471 | D:8      | Reached skill level 1 in Stealth
  8098 | D:9      | Reached skill level 13 in Maces & Flails
  8130 | D:9      | Found a staircase to the Lair.
  8130 | D:9      | Noticed Pikel
  8157 | D:9      | Reached XP level 10. HP: 63/84 MP: 9/9
  8173 | D:9      | Killed Pikel
  8189 | D:9      | Reached *** piety under Okawaru
  8749 | D:9      | Reached **** piety under Okawaru
  8826 | D:9      | Found a basalt altar of Yredelemnul.
  8832 | D:9      | Reached skill level 14 in Maces & Flails
  8917 | D:9      | Found Utaf's Antique Weapon Emporium.
  8930 | D:9      | Bought a glowing morningstar for 140 gold pieces
  9232 | D:10     | Entered Level 10 of the Dungeon
  9233 | D:10     | Noticed Gastronok
  9248 | D:10     | Killed Gastronok
  9248 | D:10     | Reached ***** piety under Okawaru
  9249 | D:10     | Reached XP level 11. HP: 66/92 MP: 10/10
  9533 | D:10     | Identified the +0 leather armour "Jodatue" {Dex+4}
  9549 | D:10     | Reached skill level 10 in Armour
  9621 | D:10     | Found a staircase to the Orcish Mines.
  9907 | D:10     | Noticed a sixfirhy
  9917 | D:10     | Reached skill level 15 in Maces & Flails
 10468 | D:10     | Found a stormy altar of Qazlal.
 10906 | D:11     | Noticed a two-headed ogre
 10917 | D:11     | Killed a two-headed ogre
 11078 | D:11     | Reached skill level 16 in Maces & Flails
 11171 | D:11     | Found Jofrusch's General Store.
 11757 | D:12     | Identified the +0 pair of boots "Noskool" {+Blink} (Okawaru
                  | gifted it to you on level 12 of the Dungeon)
 11757 | D:12     | Received a gift from Okawaru
 11816 | D:12     | Noticed a white ugly thing
 11958 | D:12     | Noticed an eight-headed hydra
 11964 | D:12     | Reached ****** piety under Okawaru
 11968 | D:12     | Killed an eight-headed hydra
 12080 | D:12     | Killed a white ugly thing
 12081 | D:12     | Reached XP level 12. HP: 72/104 MP: 11/11
 12223 | D:12     | Noticed a boulder beetle
 12246 | D:12     | Killed a boulder beetle
 13403 | D:13     | Noticed a boulder beetle
 13413 | D:13     | Noticed a tengu warrior
 13414 | D:13     | Noticed a tengu warrior
 13416 | D:13     | Killed a boulder beetle
 13435 | D:12     | Killed a tengu warrior
 13574 | D:12     | Noticed a two-headed ogre
 13585 | D:12     | Killed a two-headed ogre
 13766 | D:13     | Reached skill level 10 in Shields
 13775 | D:13     | Killed a tengu warrior
 13776 | D:13     | Reached skill level 17 in Maces & Flails
 13801 | D:13     | Received a gift from Okawaru
 13868 | D:13     | Noticed a centaur warrior
 13878 | D:13     | Killed a centaur warrior
 13880 | D:13     | Noticed a rakshasa
 14114 | D:13     | Killed a rakshasa
 14182 | D:13     | Noticed a two-headed ogre
 14182 | D:13     | Noticed a centaur warrior
 14209 | D:13     | Noticed a boulder beetle
 14256 | D:13     | Killed a boulder beetle
 14357 | D:13     | Noticed a centaur warrior
 14365 | D:13     | Killed a centaur warrior
 14368 | D:13     | Noticed a centaur warrior
 14375 | D:13     | Killed a two-headed ogre
 14376 | D:13     | Reached skill level 10 in Fighting
 14385 | D:13     | Killed a centaur warrior
 14389 | D:13     | Killed a centaur warrior
 14393 | D:13     | Reached XP level 13. HP: 42/113 MP: 5/12
 14401 | D:13     | Noticed an ironbound preserver
 14757 | D:13     | Found a gate to the Vaults.
 14775 | D:13     | Killed an ironbound preserver
 15314 | D:14     | Mangled by a freezing wraith

Illustrated notes

Levels and vault maps discovered:
D:1:      kb_arrival_jail, layout_basic, minmay_misc_feat_secret_circle
D:2:      layout_loops_corners, basic_altar, serial_shops, shop,
          amcnicky_mini_pool_small, chequers_serial_rivers_large_b
D:3:      kennysheep_goblin_castle, layout_loops_ring,
          nicolae_sif_muna_condensation,
          shapermc_ecumenical_altar_mp_ritualfount, serial_shops,
          nicolae_shop_advertising_works [nicolae_subvault_shop_adworks]
D:4:      layout_basic, uniq_menkaure
D:5:      layout_cave_pools, nicolae_overflows_in_rows, serial_shops,
          nicolae_shop_hallway_stairs, uniq_ijyb
D:6:      cheibrodos_iron_armory, layout_layer_cave, lemuel_round_altar,
          minmay_temple_entry_statues
D:7:      layout_loops_ring, ebering_ghost_reflecting_pool, serial_shops,
          nicolae_square_shop, hangedman_glass_garden, st_stairs_1, uniq_joseph,
          uniq_crazy_yiuf_cottage
D:8:      layout_loops_cross, kennysheep_nondescript
D:9:      layout_basic, mainiacjoe_overflow_six_doors_small,
          minmay_lair_entry_grove, serial_shops, shop, minmay_statues_item,
          uniq_pikel
D:10:     wander_river, layout_loops_ring, nicolae_overflow_crystal_walls,
          david_orc_5, uniq_gastronok
D:11:     layout_gridville, chequers_serial_rivers_micro_c,
          nicolae_take_the_stairs, minivault_27
D:12:     layout_basic, serial_corexii_hall, chequers_hall_statues_wall_a,
          corexii_hall_statues_s
D:13:     layout_cave_pools, skrybe_vaults_entry_preservation,
          wad_rectangle_vault
D:14:     layout_long_grid, serial_park_square2

Skill      XL: |  1  2  3  4  5  6  7  8  9 10 11 12 |
---------------+-------------------------------------+-----
Shields        | 4 5 7 9 11 | 11.8
Armour         | 4 5 7 8 9 11 13 | 13.3
Maces & Flails | 3 4 5 6 7 9 11 13 14 16 17 | 17.8
Fighting       | 4 5 6 7 9 10 | 10.4
Dodging        | 1 2 3 4 |  4.4
Stealth        | 1 |  1.4
Invocations    | |  0.8

Action                   |  1- 3 |  4- 6 |  7- 9 | 10-12 | 13-15 || total
-------------------------+-------+-------+-------+-------+-------++-------
Melee: Flail             |    59 |    86 |    83 |       |       ||   228
       Headbutt          |    11 |    13 |    40 |   106 |    10 ||   180
       Mace              |       |       |   233 |    94 |       ||   327
       Peck              |       |       |    11 |   102 |    11 ||   124
       Morningstar       |       |       |       |   375 |    52 ||   427
Invok: Heroism           |       |       |       |     3 |       ||     3
  Use: Scroll            |       |     5 |     7 |     7 |     2 ||    21
       Potion            |       |     4 |     3 |     7 |       ||    14
Armor: Scale mail        |    36 |       |       |       |       ||    36
       Chain mail        |       |    37 |   162 |       |       ||   199
       Skin              |       |       |     3 |       |       ||     3
       Plate armour      |       |       |    40 |   313 |    27 ||   380
Dodge: Dodged            |    29 |    30 |   172 |   331 |    29 ||   591
Block: Buckler           |    18 |    15 |    27 |       |       ||    60
       Kite shield       |       |       |    76 |   359 |    42 ||   477
